 Dungeon Crawl Stone Soup version 0.26-a0-663-g36e8fdb655 (console) character file.

Game seed: 8690611511216506988

46402 jejorda2 the Peltast (level 14, -20/118 HPs)
             Began as a Minotaur Berserker on Oct 10, 2020.
             Was a High Priest of Trog.
             Demolished by a komodo dragon (22 damage)
             ... on level 4 of the Lair of Beasts.
             The game lasted 00:55:31 (18468 turns).

jejorda2 the Peltast (Minotaur Berserker)          Turns: 18468, Time: 00:55:32

Health: -20/118    AC: 18    Str: 28    XL:     14   Next: 4%
Magic:  13/13      EV: 13    Int:  4    God:    Trog [*****.]
Gold:   1048       SH: 16    Dex: 12    Spells: 13/13 levels left

rFire    + + +     SeeInvis .   a - +2 scimitar (flame)
rCold    + . .     Faith    +   e - +2 shield of Resistance {rF++ rC++ MR++}
rNeg     . . .     Spirit   .   q - +0 fire dragon scales
rPois    .         Reflect  .   J - +2 hat {MR+}
rElec    .         Harm     .   b - scarf {shadows}
rCorr    .         Rampage  .   H - +2 pair of gloves {Str+3}
MR       ++++.     Rnd*Rage +   u - +0 pair of boots
Stlth    ..........             w - amulet of faith
HPRegen  0.29/turn              C - +4 ring of slaying
MPRegen  0.13/turn              D - +4 ring of slaying

@: lethally poisoned (-20 -> -28), berserk cooldown, slowed, very slow
A: retaliatory headbutt, horns 2, berserk 1
a: Berserk, Trog's Hand, Brothers in Arms, Renounce Religion


You were on level 4 of the Lair of Beasts.
You worshipped Trog.
Trog was extremely pleased with you.
You visited 2 branches of the dungeon, and saw 16 of its levels.
You visited the Abyss 1 time.
You also visited: Sewer, Bailey and Volcano.

You collected 1349 gold pieces.
You spent 301 gold pieces at shops.

Inventory:

Hand Weapons
 a - a +2 scimitar of flaming (weapon)
 R - a +0 scimitar
Missiles
 g - 23 javelins (quivered)
 K - 56 boomerangs
 L - 7 atropa-tipped darts
Armour
 b - a scarf of shadows (worn)
 e - the +2 shield of Resistance (worn) {rF++ rC++ MR++}
   (You took it off an orc on level 9 of the Dungeon)

   It greatly protects you from fire.
   It greatly protects you from cold.
   It affects your resistance to hostile enchantments.
 q - +0 fire dragon scales (worn)
 u - a +0 pair of boots (worn)
 H - a +2 pair of gloves of strength (worn)
 J - a +2 hat of magic resistance (worn)
 P - a scarf of invisibility
Jewellery
 w - an amulet of faith (around neck)
 x - an uncursed ring of flight
 z - an uncursed ring of positive energy
 C - a +4 ring of slaying (left hand)
 D - a +4 ring of slaying (right hand)
 O - an uncursed ring of resist corrosion
 U - the ring of the Four Moons {Fire *Corrode *Drain rPois Str+8}
   (You found it on level 3 of the Lair of Beasts)

   [ring of fire]

   It enhances your fire magic.
   It affects your strength (+8).
   It protects you from fire.
   It makes you vulnerable to cold.
   It protects you from poison.
   It may corrode you when you take damage.
   It causes draining when unequipped.
Wands
 h - a wand of flame (46)
 k - a wand of paralysis (9)
 t - a wand of digging (28)
 A - a wand of polymorph (1)
 E - a wand of iceblast (22)
 F - a wand of acid (20)
 T - a wand of enslavement (7)
Scrolls
 d - a scroll of holy word
 f - 2 scrolls of magic mapping
 o - 2 scrolls of fog
 r - 10 scrolls of teleportation
 y - 2 scrolls of silence
 B - 3 scrolls of identify
 I - 11 scrolls of remove curse
 Q - 2 scrolls of enchant weapon
Potions
 c - 7 potions of flight
 i - 11 potions of curing
 j - 3 potions of stabbing
 l - 3 potions of heal wounds
 m - 4 potions of might
 n - 6 potions of ambrosia
 p - 2 potions of lignification
 s - 3 potions of mutation
 v - 2 potions of haste
 G - a potion of berserk rage
 M - a potion of cancellation
 N - 2 potions of resistance
 V - a potion of magic
Miscellaneous
 S - a condenser vane (1/2)


   Skills:
 - Level 9.0 Fighting
 - Level 14.0 Long Blades
   Level 5.8 Bows
 * Level 11.0 Throwing
 - Level 9.0 Armour
 + Level 5.8 Dodging
 - Level 15.0 Shields
 + Level 5.4 Evocations


You had 13 spell levels left.
You didn't know any spells.
Your spell library was empty.

Dungeon Overview and Level Annotations

Branches:
Dungeon (12/15)            Temple (0/1) D:7            Lair (4/6) D:8
 Shoals (0/4) Lair:3          Orc (0/2) D:9           Sewer (visited)
 Bailey (visited)         Volcano (visited)
  Snake: Lair:2-4    Spider: Lair:2-4

Altars:
Elyvilon
Nemelex Xobeh
Xom
Beogh

Shops:
D:6 [:}:   D:8 ((

Annotations:
Lair:4 Sonja


Innate Abilities, Weirdness & Mutations

You reflexively headbutt those who attack you in melee.
You have a pair of horns on your head.
You tend to lose your temper in combat.


Message History

You feel much better.
You feel sick.
The water moccasin hisses angrily.
You hear a croak.
The blink frog blinks!
You block the black mamba's attack.
The eight-headed hydra bites you but does no damage.
The eight-headed hydra bites you!
* * * LOW HITPOINT WARNING * * *
The eight-headed hydra bites you!
* * * LOW HITPOINT WARNING * * *
The eight-headed hydra misses you. The eight-headed hydra bites you.
* * * LOW HITPOINT WARNING * * *
The eight-headed hydra bites you.
* * * LOW HITPOINT WARNING * * *
You block the eight-headed hydra's attack.
The eight-headed hydra bites you!
* * * LOW HITPOINT WARNING * * *
You block the water moccasin's attack.
The blink frog blinks!
The black mamba bites you.
* * * LOW HITPOINT WARNING * * *
The komodo dragon bites you!!
You die...

#........ ##...F.#.#
.......# ##.....##### .
## #......P.#.#.. ...
##P###.§.............#..
#.....S@.Y..........##..
#.....lDS§.........# #..
##....K.h....F...#.. #..
#.......§.÷.......# #..
##................# #
#P.....S..........# ##
#......F.....##.#.######.
#............####....##..
#............# #...###..


You could see an eight-headed hydra, an elephant, a polar bear, a komodo dragon,
a black mamba, 3 blink frogs, Sonja and 2 water moccasins.

Vanquished Creatures
  Frances (D:12)
  Gastronok (D:10)
  A deep elf sorcerer (Abyss:1)
  A cacodemon (Abyss:1)
  A stone giant (Volcano)
  Azrael (D:12)
  Snorg (D:10)
  A fire dragon (D:8)
  A great orb of eyes (Abyss:1)
  An ice dragon (Lair:3)
  2 hydras
  A centaur warrior (D:12)
  An anaconda (Abyss:1)
  3 two-headed ogres
  Urug (Lair:1)
  A wretched star (Abyss:1)
  A shadow demon (Abyss:1)
  A wizard (Abyss:1)
  2 deep elf magi
  An ugly thing (D:11)
  Pikel (D:8)
  A wolf spider (Abyss:1)
  A manticore (Lair:3)
  A worldbinder (Abyss:1)
  An oklob plant (Lair:1)
  A cyclops (D:12)
  Maurice (D:10)
  Joseph (D:7)
  2 black mambas
  2 gargoyles (Volcano)
  A guardian serpent (Abyss:1)
  7 cane toads
  5 rime drakes
  An efreet (Volcano)
  A queen bee (D:9)
  Prince Ribbit (Lair:1)
  A troll (D:9)
  4 blink frogs (Lair:1)
  A wind drake (Lair:3)
  4 slime creatures
  A shadow (D:12)
  A vampire (D:12)
  3 wyverns
  19 yaks
  8 fire bats (Volcano)
  3 vampire mosquitoes (D:12)
  Eustachio (D:4)
  2 basilisks
  6 fire elementals
  A small abomination (Abyss:1)
  2 steam dragons
  A large abomination (Abyss:1)
  7 water moccasins
  A hydra simulacrum (Lair:3)
  5 hell hounds (D:12)
  11 orc warriors
  An ice beast (D:6)
  2 sky beasts
  3 black bears
  A necrophage (D:9)
  8 ogres
  12 wolves
  8 centaurs
  2 big kobolds (D:10)
  7 bullfrogs
  27 killer bees
  A rime drake simulacrum (Lair:3)
  5 howler monkeys
  A jelly (D:10)
  2 quasits
  6 lava snakes (Volcano)
  A wyvern simulacrum (Lair:3)
  A hound (D:7)
  2 centaur skeletons
  A centaur zombie (D:9)
  Crazy Yiuf (D:4)
  2 bullfrog skeletons
  A gnoll shaman (D:6)
  A water moccasin simulacrum (Lair:3)
  7 orc priests
  2 iguanas
  Ijyb (D:3)
  Natasha (thrice) (D:4)
  17 orc wizards
  11 worker ants
  A hound zombie (D:9)
  A hound skeleton (D:10)
  2 worker ant zombies
  19 gnolls
  12 adders
  A howler monkey skeleton (D:5)
  3 river rats (Sewer)
  A shadow imp (D:9)
  5 white imps
  An ufetubus (D:5)
  3 adder skeletons
  3 worms
  A dart slug (D:3)
  8 leopard geckos
  62 orcs
  9 ball pythons
  5 bats
  A giant cockroach (D:6)
  14 hobgoblins
  3 jackals (D:7)
  9 quokkas
  11 frilled lizards
  16 goblins
  26 kobolds
  A leopard gecko skeleton (D:4)
  A quokka skeleton (D:6)
  24 rats
514 creatures vanquished.

Vanquished Creatures (collateral kills)
  The ghost of IEatYoBabies the Grappler, a journeyman TrTm of Uskayaw (Lair:3)
  A glowing orange brain (Abyss:1)
  5 slime creatures
  A troll (D:11)
  A torpor snail simulacrum (Lair:3)
  A basilisk simulacrum (Lair:3)
10 creatures vanquished.

Vanquished Creatures (others)
  5 dream sheep (D:5)
  8 fungi
  15 plants
28 creatures vanquished.

Grand Total: 552 creatures vanquished

Notes
Turn   | Place    | Note
-------+----------+-------------------------------------------
     0 | D:1      | jejorda2 the Minotaur Berserker began the quest for the
                  | Orb.
     0 | D:1      | Reached XP level 1. HP: 19/19 MP: 0/0
   197 | D:1      | Reached XP level 2. HP: 27/27 MP: 1/1
   856 | D:2      | Reached XP level 3. HP: 24/33 MP: 2/2
   997 | D:2      | Reached ** piety under Trog
  1084 | D:2      | Found a sparkling altar of Nemelex Xobeh.
  1767 | D:3      | Noticed Ijyb
  1770 | D:3      | Reached skill level 5 in Long Blades
  1770 | D:3      | Reached XP level 4. HP: 38/41 MP: 3/3
  1790 | D:3      | Killed Ijyb
  2249 | D:3      | Reached *** piety under Trog
  2267 | D:3      | Reached XP level 5. HP: 31/47 MP: 4/4
  2300 | D:3      | Found a glowing drain.
  2312 | Sewer    | Entered a sewer
  2557 | Sewer    | Reached skill level 5 in Fighting
  3052 | D:4      | Noticed Natasha
  3060 | D:4      | Killed Natasha
  3060 | D:4      | Reached XP level 6. HP: 55/56 MP: 5/5
  3068 | D:4      | Reached **** piety under Trog
  3306 | D:4      | Noticed Eustachio
  3338 | D:4      | Killed Eustachio
  3789 | D:4      | Found a runed translucent door.
  3790 | D:4      | Noticed Crazy Yiuf
  3803 | D:4      | Killed Crazy Yiuf
  3803 | D:4      | Reached skill level 5 in Armour
  3803 | D:4      | Reached XP level 7. HP: 51/62 MP: 6/6
  3916 | D:4      | Noticed Natasha
  3927 | D:4      | Killed Natasha
  4143 | D:4      | Noticed Natasha
  4161 | D:4      | Killed Natasha
  5075 | D:5      | Entered Level 5 of the Dungeon
  5336 | D:5      | Reached XP level 8. HP: 29/70 MP: 7/7
  5913 | D:5      | Noticed a dream sheep
  5913 | D:5      | Noticed a dream sheep
  5913 | D:5      | Noticed a dream sheep
  5913 | D:5      | Noticed a dream sheep
  5913 | D:5      | Noticed a dream sheep
  5913 | D:5      | Found a shimmering altar of Xom.
  5918 | D:5      | Killed a dream sheep
  5918 | D:5      | Killed a dream sheep
  5918 | D:5      | Killed a dream sheep
  5920 | D:5      | Killed a dream sheep
  5920 | D:5      | Killed a dream sheep
  6081 | D:6      | Found Xiuf's Antique Armour Boutique.
  6131 | D:6      | Found Kedeomp's Gadget Emporium.
  6252 | D:6      | Found Natwoege's Book Boutique.
  6280 | D:6      | Reached skill level 10 in Long Blades
  6291 | D:6      | Found Joogexiv's Book Boutique.
  6528 | D:6      | Found a white marble altar of Elyvilon.
  6682 | D:6      | Found Ewideg's Armour Shoppe.
  6929 | D:6      | Reached ***** piety under Trog
  7082 | D:7      | Found a staircase to the Ecumenical Temple.
  7103 | D:7      | Reached skill level 1 in Bows
  7485 | D:7      | Noticed Joseph
  7502 | D:7      | Killed Joseph
  7502 | D:7      | Reached skill level 1 in Evocations
  7502 | D:7      | Reached XP level 9. HP: 75/75 MP: 8/8
  7867 | D:8      | Found a staircase to the Lair.
  7868 | D:8      | Noticed a fire dragon
  7886 | D:8      | Killed a fire dragon
  8100 | D:6      | Bought a +2 pair of gloves of strength for 301 gold pieces
  8285 | D:8      | Found Culaek's Weapon Emporium.
  8365 | D:8      | Found Inuoc's Weapon Shoppe.
  8485 | D:8      | Noticed Pikel
  8487 | D:8      | Killed Pikel
  8487 | D:8      | Reached skill level 5 in Bows
  8543 | D:8      | Reached XP level 10. HP: 79/83 MP: 9/9
  9057 | D:9      | Received a gift from Trog
  9058 | D:9      | Got a fine triple sword {god gift}
  9058 | D:9      | Identified the +2 triple sword "Foumet" {vorpal, +Fly rF-
                  | MR++ Str+4} (Trog gifted it to you on level 9 of the
                  | Dungeon)
  9156 | D:9      | Reached skill level 1 in Shields
  9169 | D:9      | Found a sparkling altar of Nemelex Xobeh.
  9248 | D:9      | Reached skill level 2 in Shields
  9334 | D:9      | Reached skill level 3 in Shields
  9345 | D:9      | Reached skill level 4 in Shields
  9388 | D:9      | Found a staircase to the Orcish Mines.
  9433 | D:9      | Reached skill level 5 in Shields
  9460 | D:9      | Found a roughly hewn altar of Beogh.
  9555 | D:9      | Reached skill level 6 in Shields
  9958 | D:9      | Reached skill level 7 in Shields
 10025 | D:9      | Reached skill level 8 in Shields
 10061 | D:9      | Reached skill level 9 in Shields
 10481 | D:10     | Entered Level 10 of the Dungeon
 10610 | D:10     | Reached XP level 11. HP: 90/90 MP: 10/10
 10723 | D:10     | Noticed Maurice
 10729 | D:10     | Killed Maurice
 11033 | D:10     | Noticed Gastronok
 11037 | D:10     | Noticed a deep elf mage
 11047 | D:10     | Killed Gastronok
 11047 | D:10     | Reached skill level 10 in Shields
 11050 | D:10     | Killed a deep elf mage
 11190 | D:10     | Noticed Snorg
 11200 | D:10     | Killed Snorg
 11200 | D:10     | Reached skill level 11 in Shields
 11652 | D:11     | Noticed a two-headed ogre
 11768 | D:11     | Noticed a green ugly thing
 11790 | D:11     | Killed a green ugly thing
 11793 | D:11     | Received a gift from Trog
 11836 | D:11     | Found a flagged portal.
 11985 | Bailey   | Entered a bailey
 12137 | Bailey   | Reached skill level 12 in Shields
 12511 | D:11     | Killed a two-headed ogre
 12511 | D:11     | Reached skill level 1 in Throwing
 12689 | D:11     | Reached XP level 12. HP: 102/103 MP: 11/11
 12925 | D:11     | Noticed a seven-headed hydra
 12931 | D:11     | Killed a seven-headed hydra
 13182 | D:12     | Noticed a two-headed ogre
 13188 | D:12     | Killed a two-headed ogre
 13337 | D:12     | Reached skill level 13 in Shields
 13398 | D:12     | Noticed Frances
 13409 | D:12     | Killed Frances
 13471 | D:12     | Reached ****** piety under Trog
 13671 | D:12     | Reached skill level 14 in Shields
 13811 | D:12     | Noticed Azrael
 13826 | D:12     | Received a gift from Trog
 13852 | D:12     | Killed Azrael
 13852 | D:12     | Reached skill level 5 in Throwing
 13931 | D:11     | Identified a scroll of acquirement
 13931 | D:11     | Acquired a scarf of shadows
 13992 | D:12     | Noticed a centaur warrior
 14004 | D:12     | Killed a centaur warrior
 14231 | D:12     | Noticed a two-headed ogre
 14238 | D:12     | Killed a two-headed ogre
 14550 | Lair:1   | Entered Level 1 of the Lair of Beasts
 14564 | Lair:1   | Reached skill level 15 in Shields
 14825 | Lair:1   | Noticed Urug
 14834 | Lair:1   | Killed Urug
 14962 | Lair:1   | Noticed Prince Ribbit
 14966 | Lair:1   | Killed Prince Ribbit
 14974 | Lair:1   | Reached XP level 13. HP: 94/111 MP: 12/12
 15654 | Lair:2   | Found a dark tunnel.
 15668 | Volcano  | Entered a volcano
 15876 | Volcano  | Noticed a stone giant
 15885 | Volcano  | Killed a stone giant
 15896 | Volcano  | Found a radiant altar of Vehumet.
 15939 | Volcano  | Found a radiant altar of Vehumet.
 17042 | Lair:3   | Received a gift from Trog
 17220 | Lair:3   | Found a staircase to the Shoals.
 17575 | Lair:3   | Noticed IEatYoBabies's ghost (journeyman TrTm)
 17596 | Lair:3   | Found a runed translucent gate.
 17596 | Lair:3   | Found a runed translucent gate.
 17596 | Lair:3   | Found a runed translucent gate.
 17620 | Lair:3   | Identified the Compendium of Creative Stolen Souls
 17848 | Lair:3   | Killed IEatYoBabies's ghost
 18126 | Lair:3   | Got the ring of the Four Moons {Fire}
 18137 | Lair:3   | Identified the ring of the Four Moons {Fire *Corrode *Drain
                  | rPois Str+8} (You found it on level 3 of the Lair of
                  | Beasts)
 18216 | Lair:4   | Reached skill level 10 in Throwing
 18236 | Lair:4   | Noticed Sonja
 18250 | Lair:4   | Cast into level 1 of the Abyss (Sonja)
 18426 | Abyss:1  | Noticed a deep elf sorcerer
 18428 | Abyss:1  | Reached skill level 5 in Dodging
 18429 | Abyss:1  | Noticed a cacodemon
 18439 | Abyss:1  | Killed a deep elf sorcerer
 18439 | Abyss:1  | Reached skill level 5 in Evocations
 18444 | Abyss:1  | Gained mutation: You tend to lose your temper in combat. [a
                  | cacodemon]
 18446 | Abyss:1  | Killed a cacodemon
 18458 | Abyss:1  | Reached XP level 14. HP: 112/118 MP: 13/13
 18458 | Abyss:1  | Noticed a starcursed mass
 18462 | Lair:4   | Escaped the Abyss
 18468 | Lair:4   | HP: 2/118 [black mamba (6)]
 18468 | Lair:4   | Demolished by a komodo dragon

Illustrated notes

Levels and vault maps discovered:
D:1:      matt_arrival_debris, layout_loops_ring, minmay_tromino_v4_c
D:2:      layout_basic, kennysheep_path_1, nemelex_spade_bored_becter
D:3:      layout_loops_cross, portal_sewer_entry_d, uniq_ijyb
D:4:      layout_layer_cave, uniq_eustachio, uniq_crazy_yiuf_cottage,
          uniq_natasha
D:5:      layout_cave_pods, kb_xom_exploding_sheep, serial_glass,
          glass_columns_b, glass_columns_a
D:6:      layout_basic, serial_shops, shop_statue, shop, shop_statue,
          nicolae_shop_stone, kennysheep_mini_moat, elyvilon_altar_3
D:7:      layout_loops_cross, minmay_temple_entry_drinking_statues,
          hangedman_abyss_or_decor_passed, uniq_joseph
D:8:      layout_loops_cross, minmay_lair_entry_lava, serial_shops, shop,
          nicolae_shop_window_shopping, uniq_pikel
D:9:      layout_basic, minmay_orc_entry_temple_small, special_room
          [special_room_bee], nemelex_lonely_heart_becter
D:10:     layout_stronghold, st_stairs_5, minmay_chambers_of_fives, uniq_snorg,
          uniq_maurice, uniq_gastronok
D:11:     layout_loops_cross, lightli_bailey_entry_fortress
D:12:     layout_loops_ring, uniq_frances, uniq_azrael
Lair:1:   layout_cave_pods, dpeg_stationary_puzzle, lemuel_fruit_tree,
          lemuel_fruit_fields, uniq_prince_ribbit2, uniq_urug
Lair:2:   layout_cave_pods, nicolae_volcano_entry_two_sided
Lair:3:   layout_gridlike, minmay_shoals_entry_beasts, gammafunk_ghost_icy,
          chequers_serial_rivers_small_3, infiniplex_staircase_pool
Lair:4:   dragon1_lemuel, layout_cellular_growth, dummy_spider_entry,
          cheibrodos_lair_lostbears, minmay_lair_oklob_chamber, uniq_sonja

Skill      XL: |  1  2  3  4  5  6  7  8  9 10 11 12 13 14 |
---------------+-------------------------------------------+-----
Long Blades    | 4 5 6 7 9 12 13 14 | 14.0
Fighting       | 4 5 6 8 9 |  9.0
Armour         | 3 4 5 6 8 9 |  9.0
Bows           | 2 5 |  5.8
Evocations     | 1 3 5 |  5.4
Shields        | 9 12 15 | 15.0
Throwing       | 1 6 10 11 | 11.0
Dodging        | 5 |  5.8

Action                   |  1- 3 |  4- 6 |  7- 9 | 10-12 | 13-15 || total
-------------------------+-------+-------+-------+-------+-------++-------
Melee: Falchion          |    78 |   208 |   213 |       |       ||   499
       Headbutt          |     8 |    44 |    74 |   161 |    60 ||   347
       Scimitar          |       |       |    72 |   638 |   210 ||   920
       Morningstar       |       |       |       |     4 |       ||     4
Throw: Javelin           |       |       |     2 |       |     4 ||     6
       Boomerang         |       |       |       |     3 |       ||     3
Invok: Berserk           |       |       |     4 |     8 |     2 ||    14
       Brothers in Arms  |       |       |       |     3 |     2 ||     5
       Trog's Hand       |       |       |       |     4 |     3 ||     7
 Abil: Evoke Flight      |       |       |       |     1 |       ||     1
Evoke: Wand              |       |       |       |     1 |       ||     1
       Condenser vane    |       |       |       |       |     2 ||     2
  Use: Scroll            |     3 |     2 |    17 |    10 |     3 ||    35
       Potion            |       |       |     1 |     2 |     5 ||     8
Armor: Animal skin       |     9 |       |       |       |       ||     9
       Scale mail        |    12 |       |       |       |       ||    12
       Chain mail        |    20 |   132 |    92 |       |       ||   244
       Plate armour      |       |       |    40 |    22 |       ||    62
       Fire dragon scale |       |       |       |   172 |    91 ||   263
Dodge: Dodged            |    55 |    84 |    95 |   148 |   105 ||   487
Block: Kite shield       |       |       |       |   352 |   192 ||   544
       Rpst.: Falchion   |    16 |    28 |    13 |       |       ||    57
       Scimitar          |       |       |     1 |    32 |    17 ||    50

Table legend: (Time is in decaauts)
 A = Elapsed time spent in this place.
 B = Non-inter-level travel time spent in this place.
 C = Inter-level travel time spent in this place.
 D = Time resting spent in this place.
 E = Time spent auto-exploring this place.
 F = Levels seen in this place.
 G = Mean time per level.
                   A        B        C        D        E       F      G
               +--------+--------+--------+--------+--------+-----+--------+
         Total |  18361 |  17374 |    987 |    632 |  13295 |  20 |  918.0 |
       Dungeon |  13674 |  12802 |    872 |    500 |  10052 |  12 | 1139.5 |
          Lair |   3226 |   3112 |    114 |      2 |   2764 |   4 |  806.5 |
         Abyss |    196 |    196 |      0 |      0 |      0 |   1 |  196.0 |
         Sewer |    513 |    513 |      0 |      0 |    333 |   1 |  513.0 |
        Bailey |    337 |    337 |      0 |      0 |     67 |   1 |  337.0 |
       Volcano |    412 |    412 |      0 |    130 |     78 |   1 |  412.0 |
               +--------+--------+--------+--------+--------+-----+--------+

Top non-repeatable levels by time:
     D:4: 2055 daAuts
     D:9: 1749 daAuts
    D:10: 1257 daAuts
  Lair:3: 1240 daAuts
    D:12: 1239 daAuts
    D:11: 1138 daAuts
     D:6: 1093 daAuts
  Lair:1: 1057 daAuts
     D:5: 1006 daAuts
     D:2: 945 daAuts
  Lair:2: 845 daAuts
     D:3: 831 daAuts
     D:1: 797 daAuts
     D:7: 792 daAuts
     D:8: 768 daAuts
